 Dungeon Crawl Stone Soup version 0.30.1-9-gdf580d7c3d (webtiles) character file.

Game seed: 14348440227862235617

156 monsoonserge the Slasher (level 5, 0/39 HPs)
             Began as a Demonspawn Warper on Oct 23, 2023.
             Slain by an ogre
             ... wielding a +0 giant club
              (21 damage)
             ... on level 4 of the Dungeon.
             The game lasted 00:06:03 (2772 turns).

monsoonserge the Slasher (Demonspawn Warper)        Turns: 2772, Time: 00:06:03

Health: 0/39       AC:  8    Str: 12    XL:     5   Next: 15%
Magic:  7/8        EV: 10    Int: 16    God:
Gold:   226        SH:  8    Dex: 12    Spells: 6/8 levels left

rFire   . . .        a - +0 falchion
rCold   . . .        m - +0 buckler
rNeg    . . .        k - +0 ring mail
rPois   .            (helmet restricted)
rElec   .            (no cloak)
rCorr   .            (no gloves)
SInv    .            (no boots)
Will    +....        C - amulet of reflection
Stlth   +            o - ring of wizardry
HPRegen 0.26/turn    v - ring of willpower
MPRegen 0.11/turn

%: reflection, wizardry (x1)
@: no status effects
A: antennae 1, yellow scales 2, spiny 1
a: no special abilities


You were on level 4 of the Dungeon.
You visited 1 branch of the dungeon, and saw 4 of its levels.

You collected 226 gold pieces.

Inventory:

Hand Weapons
 a - a +0 falchion (weapon)
 e - a +0 short sword
 g - a +0 sling
Missiles
 d - 12 boomerangs of dispersal
 w - a poisoned dart (quivered)
Armour
 b - a +0 leather armour
 k - a +0 ring mail (worn)
 m - a +0 buckler (worn)
Jewellery
 o - a ring of wizardry (left hand)
 v - a ring of willpower (right hand)
 y - a ring of willpower
 C - an amulet of reflection (around neck)
Scrolls
 c - a scroll of blinking
 h - 2 scrolls of immolation {unknown}
 i - 6 scrolls of identify {unknown}
 j - a scroll of butterflies {unknown}
 l - a scroll of vulnerability {unknown}
 n - 4 scrolls of fog {unknown}
 q - a scroll of torment {unknown}
 u - 2 scrolls of noise {unknown}
 B - a scroll of enchant weapon {unknown}
 D - a scroll of poison {unknown}
Potions
 f - 4 potions of resistance {unknown}
 p - a potion of heal wounds {unknown}
 r - 2 potions of curing
 s - a potion of attraction {unknown}
 t - 2 potions of magic {unknown}
 x - a potion of flight {unknown}
 z - a potion of brilliance {unknown}
 A - a potion of lignification {unknown}


   Skills:
 + Level 2.4 Fighting
 + Level 3.4 Long Blades
 + Level 0.8 Throwing
 + Level 1.6 Armour
 + Level 2.8 Dodging
 + Level 0.1 Shields
 - Level 2.0 Spellcasting
 + Level 3.0 Translocations


You had 6 spell levels left.
You knew the following spells:

 Your Spells              Type           Power      Damage    Failure   Level
a - Blink                 Tloc           22%        N/A       12%         2

Your spell library contained the following spells:

 Spells                   Type           Power      Damage    Failure   Level
 Lesser Beckoning         Tloc           22%        N/A       12%         2
 Teleport Other           Tloc           11%        N/A       22%         3
 Vhi's Electric Charge    Tloc/Air       12%        N/A       38%         3
 Manifold Assault         Tloc           11%        N/A       56%         4


Dungeon Overview and Level Annotations

Branches:
Dungeon (4/15)
 Temple: D:4-7

Altars:
Yredelemnul


Innate Abilities, Weirdness & Mutations

You have a pair of small antennae on your head.
You are mostly covered in yellow scales. (AC +3)
You are partially covered in sharp spines.


Message History

You see here a +0 club.
A kobold comes into view. It is wielding a +0 dagger.
The kobold shouts!
The kobold throws a stone.
The stone hits you but does no damage.
You closely miss the kobold. You block the kobold's attack.
An ogre comes into view. It is wielding a +0 giant club.
You barely miss the kobold. The kobold is struck by your spines.
The kobold hits you with a +0 dagger.
You hit the kobold.
You kill the kobold!
You hit the ogre.
The ogre is lightly wounded.
The ogre hits you with a +0 giant club!!
Ouch! That really hurt!
Casting: Blink (safe; 12% risk of failure)
Confirm with . or Enter, or press ? or * to list all spells.
You blink.
Throw: 3 darts (poison)
Press: ? - help, Q - select action, (/) - cycle Shift-Dir - straight line, f - ogre
Aim: an ogre, wielding a +0 giant club (lightly wounded, 73% to hit)
You throw a poisoned dart. The poisoned dart hits the ogre.
The ogre is poisoned.
The ogre is lightly wounded.
You feel stable enough to blink again.
Found a scroll labelled ENEIKLI MOISAW.
The ogre looks more healthy.
Found a dagger.
Throw: 2 darts (poison)
Press: ? - help, Q - select action, (/) - cycle Shift-Dir - straight line, f/p - ogre
Aim: an ogre, wielding a +0 giant club (lightly wounded, 73% to hit)
You throw a poisoned dart.
The poisoned dart barely misses the ogre.
You slash the ogre!
The ogre is heavily wounded.
You block the ogre's attack.
You hit the ogre but do no damage.
The ogre is heavily wounded.
The ogre is struck by your spines.
The ogre hits you with a +0 giant club!!
Ouch! That really hurt!
You die...

# #.. # #.. # #?. # #.#
# #.# # #.#######
################.......)
....)....(.....O@......#
######........########.#
# #.######.# # #. #.# #
# #.# # ... ... ....


You could see an ogre.

Vanquished Creatures
  Terence (D:2)
  5 adders
  2 worms
  A dart slug (D:2)
  An orc (D:3)
  5 ball pythons
  4 bats
  7 endoplasms
  3 giant cockroaches (D:3)
  3 goblins
  10 hobgoblins
  3 jackals
  8 kobolds
  8 quokkas
  5 frilled lizards (D:1)
  7 rats
  A spectral orc (D:3)
74 creatures vanquished.

Notes
Turn   | Place    | Note
-------+----------+-------------------------------------------
     0 | D:1      | monsoonserge the Demonspawn Warper began the quest for the
                  | Orb.
     0 | D:1      | Reached XP level 1. HP: 16/16 MP: 3/3
   229 | D:1      | Gained mutation: You have a pair of small antennae on your
                  | head. [demonic ancestry]
   229 | D:1      | Reached XP level 2. HP: 17/22 MP: 5/5
   285 | D:1      | Reached skill level 1 in Armour
   339 | D:1      | Learned a level 2 spell: Blink
   830 | D:1      | Gained mutation: You are partially covered in sharp spines.
                  | [demonic ancestry]
   830 | D:1      | Reached XP level 3. HP: 23/27 MP: 6/6
  1284 | D:2      | Noticed Terence
  1317 | D:2      | Killed Terence
  1318 | D:2      | Gained mutation: You are partially covered in yellow
                  | scales. (AC +2) [demonic ancestry]
  1318 | D:2      | Reached XP level 4. HP: 11/33 MP: 5/7
  2233 | D:3      | Gained mutation: You are mostly covered in yellow scales.
                  | (AC +3) [demonic ancestry]
  2233 | D:3      | Reached XP level 5. HP: 36/39 MP: 8/8
  2668 | D:3      | Found a basalt altar of Yredelemnul.
  2756 | D:4      | Noticed an ogre
  2772 | D:4      | Slain by an ogre

Illustrated notes

Levels and vault maps discovered:
D:1:      saegor_arrival_simple_d, layout_loops_ring, grunt_decor_fettered,
          feat_on_display
D:2:      layout_basic, uniq_terence
D:3:      layout_loops_cross, yredelemnul_forgotten_temple_becter, minivault_27,
          minmay_divided_ellipse
D:4:      layout_loops_ring, nicolae_shop_clearance

Skill      XL: |  1  2  3  4 |
---------------+-------------+-----
Dodging        | 2 |  2.8
Translocations | 3 |  3.0
Armour         | 1 |  1.6
Long Blades    | 2 3 |  3.4
Fighting       | |  2.4
Throwing       | |  0.8
Shields        | |  0.1
Spellcasting   | |  2.0

Action                     |  1- 3 |  4- 6 || total
---------------------------+-------+-------++-------
  Melee: Falchion          |   155 |    85 ||   240
         Punch             |     2 |       ||     2
  Throw: Dart              |       |     4 ||     4
   Cast: Blink             |     2 |     2 ||     4
    Use: Potion            |       |     1 ||     1
 Armour: Leather armour    |    15 |       ||    15
         Ring mail         |    55 |    41 ||    96
  Dodge: Dodged            |    97 |    34 ||   131
  Block: Buckler           |     9 |    16 ||    25
